 Dungeon Crawl Stone Soup version 0.29-a0-90-gc37658a0fe (webtiles) character file.

Game seed: 7351099072821616330

45 cyrus the Skirmisher (level 3, 0/26 HPs)
             Began as an Octopode Fighter on Feb 7, 2022.
             Succumbed to an adder's poison
             ... on level 2 of the Dungeon.
             The game lasted 00:03:33 (1220 turns).

cyrus the Skirmisher (Octopode Fighter)             Turns: 1220, Time: 00:03:33

Health: 0/26       AC:  1    Str: 15    XL:     3   Next: 64%
Magic:  3/3        EV: 13    Int: 12    God:
Gold:   73         SH:  4    Dex: 11    Spells: 2/2 levels left

rFire   . . .      SeeInvis .   a - +0 long sword
rCold   . . .      Faith    .   b - +0 buckler
rNeg    . . .      Spirit   .   (helmet restricted)
rPois   .          Reflect  .   (no amulet)
rElec   .          Harm     .   (no ring)
rCorr   .          Rampage  .   (no ring)
Will    .....                   (no ring)
Stlth   ++........              (no ring)
HPRegen 0.08/turn               (no ring)
MPRegen 0.08/turn               (no ring)
                                (no ring)
                                (no ring)

@: lethally poisoned (0 -> -1), about to teleport
A: almost no armour, amphibious, 8 rings, camouflage 1, gelatinous body 1,
(nimble swimmer 1), tentacles
a: no special abilities


You were on level 2 of the Dungeon.
You visited 1 branch of the dungeon, and saw 2 of its levels.

You collected 73 gold pieces.

Inventory:

Hand Weapons
 a - a +0 long sword (weapon)
Armour
 b - a +0 buckler (worn)
Scrolls
 f - a scroll of silence
Potions
 d - a potion of resistance {unknown}


   Skills:
 + Level 3.4 Fighting
 + Level 2.6 Long Blades
 + Level 3.4 Dodging
 + Level 0.5 Stealth
 + Level 3.3 Shields


You had 2 spell levels left.
You didn't know any spells.
Your spell library contained the following spells:

 Spells                   Type           Power      Damage    Failure   Level
 Ensorcelled Hibernation  Hex/Ice        0%         N/A       54%         2
 Passwall                 Tmut/Erth      0%         N/A       54%         2
 Swiftness                Air            0%         N/A       78%         3


Dungeon Overview and Level Annotations

Branches:
Dungeon (2/15)

Altars:


Innate Abilities, Weirdness & Mutations

You cannot wear most types of armour.
You are amphibious.
You can wear up to eight rings at the same time.
Your skin changes colour to match your surroundings (Stealth+).
Your rubbery body absorbs attacks. (AC +1, EV +1)
((You are camouflaged when in or above water. (Stealth+)))
You have tentacles for arms and can constrict up to eight enemies at once.


Message History

You open the door.
Found a dagger.
There is an open door here.
An adder comes into view.
An adder is nearby!
You see here 11 gold pieces.
The adder hisses angrily.
You block the adder's attack.
You closely miss the adder. Your grab misses the adder.
Your squeeze misses the adder. You block the adder's attack.
The adder bites you.
You are poisoned.
The adder poisons you!
You closely miss the adder. You grab the adder. You constrict the adder.
You feel sick. The adder bites you.
You hit the adder.
The adder is moderately wounded.
You constrict the adder.
You feel sick. The adder bites you.
You are more poisoned.
The adder poisons you! The adder bites you.
* * * LOW HITPOINT WARNING * * *
You hit the adder. You squeeze the adder.
You kill the adder!
* * * LOW HITPOINT WARNING * * *
You feel sick.
* * * LOW HITPOINT WARNING * * *
You feel sick.
There is a lethal amount of poison in your body!
There is a lethal amount of poison in your body!
* * * LOW HITPOINT WARNING * * *
You feel sick.
* * * LOW HITPOINT WARNING * * *
You feel sick.
As you read the scroll of teleportation, it crumbles to dust.
You feel strangely unstable.
* * * LOW HITPOINT WARNING * * *
You feel sick.
Unknown command.
Unknown command.
You die...

###.###.##.####.#.
..................
#..###.#......... ###
#......#######.#. ...
...####........ #.
####.###########.#######
#. #..............#.#
#........##.#.####
#......@.+.<.....+ .
#.......$####'####....
#.....................
#.............)...##..
#.................#
#.................#
#...................
####....#####+##....?
...... ......


There were no monsters in sight!

Vanquished Creatures
  An adder (D:2)
  A dart slug (D:1)
  A bat (D:1)
  3 endoplasms (D:1)
  A giant cockroach (D:1)
  5 goblins (D:1)
  4 hobgoblins (D:1)
  A quokka (D:1)
  7 ball pythons
  A frilled lizard (D:1)
  3 kobolds (D:1)
  5 rats (D:1)
33 creatures vanquished.

Notes
Turn   | Place    | Note
-------+----------+-------------------------------------------
     0 | D:1      | cyrus the Octopode Fighter began the quest for the Orb.
     0 | D:1      | Reached XP level 1. HP: 16/16 MP: 1/1
    85 | D:1      | Reached XP level 2. HP: 18/21 MP: 2/2
   346 | D:1      | Reached XP level 3. HP: 25/26 MP: 3/3
  1219 | D:2      | HP: 1/26 [poisoned by an adder]
  1220 | D:2      | Succumbed to an adder's poison

Illustrated notes

Levels and vault maps discovered:
D:1:      eino_arrival_tree_alley, layout_loops_ring, minmay_indecisive_spiral
D:2:      layout_basic

Action                   || total
-------------------------++-------
Melee: Long sword        ||    64
       Tentacles         ||     5
       Constrict         ||    10
  Use: Potion            ||     1
       Scroll            ||     3
 Stab: Sleeping          ||     2
Armor: Skin              ||     7
Dodge: Dodged            ||    46
Block: Buckler           ||    23

Table legend: (Time is in decaauts)
 A = Elapsed time spent in this place.
 B = Non-inter-level travel time spent in this place.
 C = Inter-level travel time spent in this place.
 D = Time resting spent in this place.
 E = Time spent auto-exploring this place.
 F = Levels seen in this place.
 G = Mean time per level.
                   A        B        C        D        E       F      G
               +--------+--------+--------+--------+--------+-----+--------+
         Total |   1241 |   1241 |      0 |     30 |    801 |   2 |  620.5 |
       Dungeon |   1241 |   1241 |      0 |     30 |    801 |   2 |  620.5 |
               +--------+--------+--------+--------+--------+-----+--------+

Top non-repeatable levels by time:
     D:1: 1153 daAuts
     D:2: 87 daAuts
